 Dungeon Crawl Stone Soup version 0.29-a0-330-g52719c12eb (webtiles) character file.

Game seed: 6873559395090544685

30 kae the Firebug (level 2, -1/22 HPs)
             Began as a Demigod Fire Elementalist on Apr 21, 2022.
             Slain by Terence
             ... wielding a +0 mace
              (9 damage)
             ... on level 1 of the Dungeon.
             The game lasted 00:01:18 (939 turns).

kae the Firebug (Demigod Fire Elementalist)          Turns: 939, Time: 00:01:19

Health: -1/22      AC:  2    Str:  9    XL:     2   Next: 84%
Magic:  1/7        EV: 12    Int: 17    God:
Gold:   34         SH:  0    Dex: 14    Spells: 4/5 levels left

rFire   . . .      SeeInvis .   f - +0 whip
rCold   . . .      Faith    .   (no shield)
rNeg    . . .      Spirit   .   a - +0 robe
rPois   .          Reflect  .   (no helmet)
rElec   .          Harm     .   (no cloak)
rCorr   .          Rampage  .   (no gloves)
Will    .....                   (no boots)
Stlth   ++........              (no amulet)
HPRegen 0.07/turn               (no ring)
MPRegen 0.10/turn               (no ring)

@: very slightly contaminated
A: high MP 1, forlorn, divine attributes
a: no special abilities


You were on level 1 of the Dungeon.
You visited 1 branch of the dungeon, and saw 2 of its levels.

You collected 34 gold pieces.

Inventory:

Hand Weapons
 f - a +0 whip (weapon)
Armour
 a - a +0 robe (worn)
Potions
 b - a potion of magic
 d - 2 potions of lignification
 g - a potion of curing
 h - a potion of resistance {unknown}


   Skills:
 + Level 0.9 Fighting
 - Level 1.7 Dodging
 - Level 1.7 Stealth
 + Level 2.0 Spellcasting
 + Level 1.3 Conjurations
 * Level 3.1 Fire Magic


You had 4 spell levels left.
You knew the following spells:

 Your Spells              Type           Power      Damage    Failure   Level
a - Foxfire               Conj/Fire      36%        2x1d5     8%          1

Your spell library contained the following spells:

 Spells                   Type           Power      Damage    Failure   Level
 Scorch                   Fire           24%        2d6       8%          2
 Conjure Flame            Conj/Fire      9%         6-21      22%         3
 Inner Flame              Hex/Fire       7%         N/A       30%         3
 Flame Wave               Conj/Fire      9%         2d5       58%         4


Dungeon Overview and Level Annotations

Branches:
Dungeon (2/15)

Annotations:
D:1 Terence


Innate Abilities, Weirdness & Mutations

You have an increased reservoir of magic. (+10% MP)
You shall have no god before yourself.
Your divine heritage dramatically boosts your attributes as you level up.


Message History

The jackal barely misses you. Terence attacks as you move away!
Terence barely misses you.
The jackal bites you but does no damage.
Terence attacks as you move away! Terence hits you with a +0 mace.
Terence looks scornfully at you. The jackal attacks as you move away!
The jackal bites you. The jackal misses you.
Casting: Foxfire (safe; 8% risk of failure)
Confirm with . or Enter, or press ? or * to list all spells.
You conjure some foxfire!
The jackal closely misses you.
The foxfire hits the jackal.
The jackal is almost dead.
The foxfire hits the jackal but does no damage.
The jackal is almost dead.
The jackal barely misses you. Terence closely misses you.
The jackal closely misses you.
Casting: Foxfire (safe; 8% risk of failure)
Confirm with . or Enter, or press ? or * to list all spells.
You conjure some foxfire!
The jackal closely misses you. Terence misses you.
The foxfire hits the jackal.
The jackal is almost dead.
The jackal bites you. Terence hits you with a +0 mace.
Casting: Foxfire (safe; 8% risk of failure)
Confirm with . or Enter, or press ? or * to list all spells.
You conjure some foxfire!
The jackal bites you. x2
Terence hits you with a +0 mace.
The foxfire hits the jackal.
You kill the jackal!
Terence hits you with a +0 mace.
* * * LOW HITPOINT WARNING * * *
Casting: Foxfire (safe; 8% risk of failure)
Confirm with . or Enter, or press ? or * to list all spells.
You miscast Foxfire.
You are very lightly contaminated with residual magic.
Nothing appears to happen.
Terence barely misses you.
You feel better. Terence closely misses you.
You hit Terence.
Terence is heavily wounded.
Terence hits you with a +0 mace!
You die...

#.# ##................##.........
#.####.###......##...[...........
...[.#.# #......##....(.####.....
####.#.# #............#.##.......
..#..#.#######.#.#....#....##....
.#...#.##........#....##.8.##...#
.#...#.##......##.....##.)..#....
..#....##......#..##.....##.#....
####....#..>....@......####......
............>..@#.#..............
###......†.....#§...####..####.##
##................######..## #.#
...#.###...................# #.#
.###.###..................÷# #.#
## #.##....(...............###.##
.###.##....................).#...
.....#......)....................


You could see Terence.

Vanquished Creatures
  A dart slug (D:1)
  4 endoplasms
  A goblin (D:1)
  2 hobgoblins (D:1)
  5 jackals
  2 quokkas (D:1)
  3 ball pythons (D:1)
  2 bats (D:1)
  2 frilled lizards (D:1)
  2 kobolds (D:1)
  A rat (D:1)
25 creatures vanquished.

Vanquished Creatures (others)
  88 foxfires
88 creatures vanquished.

Grand Total: 113 creatures vanquished

Notes
Turn   | Place    | Note
-------+----------+-------------------------------------------
     0 | D:1      | kae the Demigod Fire Elementalist began the quest for the
                  | Orb.
     0 | D:1      | Reached XP level 1. HP: 14/14 MP: 5/5
    62 | D:1      | Reached skill level 1 in Conjurations
   350 | D:1      | Reached skill level 3 in Fire Magic
   350 | D:1      | Reached XP level 2. HP: 22/22 MP: 2/7
   916 | D:2      | Noticed Terence
   939 | D:1      | Slain by Terence

Illustrated notes

Levels and vault maps discovered:
D:1:      scummos_arrival_star, layout_rooms, minmay_hexomino_p4
D:2:      cheibrodos_fertilizer, layout_basic, basic_altar, minmay_tripent,
          uniq_terence, uniq_natasha

Skill      XL: |  1  2 |
---------------+-------+-----
Conjurations   | 1 |  1.3
Fire Magic     | 3 |  3.1
Spellcasting   | 2 |  2.0
Fighting       | |  0.9
Dodging        | |  1.7
Stealth        | |  1.7

Action                   || total
-------------------------++-------
Melee: Unarmed           ||    15
       Punch             ||     1
       Whip              ||     2
 Cast: Foxfire           ||    51
  Use: Scroll            ||     3
       Potion            ||     1
Armor: Robe              ||     5
Dodge: Dodged            ||    29

Table legend: (Time is in decaauts)
 A = Elapsed time spent in this place.
 B = Non-inter-level travel time spent in this place.
 C = Inter-level travel time spent in this place.
 D = Time resting spent in this place.
 E = Time spent auto-exploring this place.
 F = Levels seen in this place.
 G = Mean time per level.
                   A        B        C        D        E       F      G
               +--------+--------+--------+--------+--------+-----+--------+
         Total |    938 |    930 |      8 |      0 |    762 |   2 |  469.0 |
       Dungeon |    938 |    930 |      8 |      0 |    762 |   2 |  469.0 |
               +--------+--------+--------+--------+--------+-----+--------+

Top non-repeatable levels by time:
     D:1: 929 daAuts
     D:2: 9 daAuts
